← All builds
Tech / Armada / Economy first / OBSERVED BUILD

Standard tech

Armada Tech (Eco) build order · Supreme Isthmus

Rushes T2 by 4:15, gets Advanced Metal Extractor around 5:28, hands off T2 constructors to Geo and the team, then scales eco and supplies the team's T2 needs through the rest of the game.

Usually first T2 con to Geo (83%)

#eco #t2 #team support · 1602 distinct matches · 255 players · 60% of Armada Tech games · team won 53% of 1912 · Recently observed

HOW TO PLAY IT

Key timing: T2 factory by 4:15

  1. Open 3 mex and heavy wind to fund a fast T2 rush.
  2. Put down Bot Lab, planning to eat it for reclaim soon after.
  3. Get Advanced Bot Lab up, hitting the T2 factory rush timing.
  4. Upgrade mex to Advanced Metal Extractor to lock in team metal income.
  5. Eat Advanced Bot Lab and keep sending cons to Geo and Pond.

Phase by phase

TYPICAL OF ITS 1602 GAMES
  1. 1
  2. 2
  3. 3
  4. 4
PLAY THE OPENING

Follow the example game's first 6:00 step by step: what to build now, what comes next, and where it goes. At 1× it keeps pace with your own game.

  1. 1

    Up to the Bot Lab

    Economy
    • Metal Extractor3Mex
    • Wind Turbine4Wind
    Order
    1. Bot LabBot Lab after 3 mex, 4 winddone ~1:18, middle half 1:13–1:32

    Some games also: energy storage (31%)

    By 1:01 in all: 3 mex · 4 wind

    The example game in this phase · 6 steps
    1. Mex ×2
    2. Wind ×2
    3. Mex
    4. Wind
    5. Energy storage
    6. Bot LabBot Labdone 1:24 · typical 1:18
  2. 2

    Bot Lab to Advanced Bot Lab

    Economy
    • Metal Extractor1Mex
    • Wind Turbine8Wind
    • Energy Storage1Energy storage
    Order
    1. Advanced Bot LabAdvanced Bot Lab after 4 mex, 12 wind, 3 con turretdone ~4:16, middle half 4:04–4:30
    Builders
    • Construction Turret3 Con turret
    • Lazarus3 Lazarus
    • Construction Bot2 Con bot
    • Construction Bot1 Con bot for allies

    Some games also: converter (36%)

    By 3:18 in all: 4 mex · 12 wind · 1 energy storage · 3 con turret

    The example game in this phase · 18 steps
    1. LazarusLazarus
    2. Wind ×5
    3. Construction BotCon bot
    4. Wind
    5. LazarusLazarus
    6. Con turret
    7. Wind
    8. Con turret
    9. Mex
    10. Wind ×2
    11. Construction BotCon botfor Air
    12. Wind ×4
    13. LazarusLazarus
    14. Energy storage
    15. Construction BotCon bot
    16. Converter
    17. LazarusLazarus
    18. Advanced Bot LabAdvanced Bot Labdone 4:39 · typical 4:16
  3. 3

    Advanced Bot Lab to 5:00

    Economy
    • Wind Turbine3Wind
    Order
    1. Bot LabEat Bot Lab
    Builders
    • Advanced Construction Bot1 T2 con bot for allies

    Some games also: converter (35%)

    By 5:00 in all: 4 mex · 15 wind · 1 converter · 1 energy storage · 3 con turret

    The example game in this phase · 5 steps
    1. Converter
    2. Bot LabEat Bot Labreclaimed for its metal
    3. Converter
    4. Advanced Construction BotT2 con botfor Geo
    5. FatboyFatboyfor Ponddone 5:19
  4. 4

    5:00 to 10:00

    Economy
    • Wind Turbine43Wind
    • Energy Converter6Converter
    Builders
    • Butler9 Butler
    • Advanced Construction Bot4 T2 con bot for allies
    • Advanced Construction Bot1 T2 con bot

    Some games also: con turret (43%) · Butler for allies (37%)

    By 10:00 in all: 4 mex · 58 wind · 8 converter · 1 energy storage · 3 con turret

    The example game in this phase · 173 steps
    1. Advanced Construction BotT2 con botfor Air
    2. Advanced Metal ExtractorT2 mex ×2done 6:13 · typical 5:29
    3. ButlerButler
    4. Advanced Metal ExtractorT2 mex
    5. Advanced Construction BotT2 con botfor Pond
    6. Wind ×2
    7. ButlerButler ×2
    8. Wind
    9. ButlerButler
    10. Wind
    11. Advanced Metal ExtractorT2 mex
    12. Wind ×3
    13. ButlerButler ×2
    14. Advanced Construction BotT2 con botfor Geo sea
    15. ButlerButler
    16. Advanced Construction BotT2 con botfor Beach sea
    17. Wind ×3
    18. ButlerButler
    19. GunslingerGunslingerdone 8:51
    20. Wind ×5
    21. ButlerButler
    22. CompassRadar bot
    23. Wind ×2
    24. ButlerButler
    25. Wind
    26. ButlerButler
    27. Wind ×2
    28. ButlerButler
    29. Wind
    30. ButlerButler
    31. Wind ×4
    32. ButlerButler
    33. Wind ×2
    34. ButlerButler
    35. Wind ×8
    36. ButlerButler
    37. Wind ×3
    38. ButlerButler
    39. Converter
    40. Wind ×2
    41. Con turret
    42. Wind ×4
    43. Converter
    44. Wind ×2
    45. ButlerButler
    46. Wind ×3
    47. Converter
    48. Wind ×7
    49. Converter
    50. Con turret
    51. Wind
    52. ButlerButlerfor Pond
    53. Wind ×4
    54. Converter
    55. Wind ×7
    56. Converter
    57. Wind ×8
    58. ButlerButlerfor Beach sea
    59. Converter
    60. Wind ×9
    61. Converter
    62. Wind ×9
    63. Converter
    64. Wind ×3
    65. Converter
    66. Wind ×4
    67. Converter
    68. Wind
    69. UmbrellaAnti-nukedone 12:20
    70. Wind ×3
    71. Converter
    72. Wind ×6
    73. Converter
    74. Wind ×5
    75. Converter
    76. Wind ×4
    77. Converter
    78. Wind ×9
    79. Converter
    80. Wind ×7
    81. Converter
    82. Wind ×8
    83. Converter
    84. Wind ×3
    85. Advanced Construction BotT2 con bot
    86. Wind ×2
    87. Converter
    88. Wind ×6
    89. Converter
    90. Wind ×5
    91. Converter
    92. Wind
    93. Converter
    94. Wind ×3
    95. Converter
    96. Wind ×2
    97. TracerTracer
    98. Wind
    99. Converter
    100. Wind
    101. Converter
    102. Wind ×2
    103. ButlerButler
    104. Converter
    105. Wind ×3
    106. Converter
    107. Wind ×4
    108. ButlerButler
    109. Wind ×2
    110. SprinterSprinter
    111. Converter
    112. Wind
    113. Converter
    114. Wind ×2
    115. SprinterSprinter
    116. Wind ×3
    117. Converter
    118. SprinterSprinter
    119. Wind ×3
    120. Converter
    121. SprinterSprinter
    122. Wind ×3
    123. SprinterSprinter
    124. Converter ×2
    125. Wind ×4
    126. ButlerButler
    127. Wind ×2
    128. Converter
    129. Wind
    130. Converter
    131. Wind ×2
    132. ButlerButler
    133. Wind ×2
    134. Converter
    135. Wind
    136. ButlerButler
    137. Wind ×2
    138. Converter ×2
    139. ButlerButler
    140. Wind ×5
    141. Converter ×2
    142. Wind ×2
    143. Con turret
    144. Wind
    145. Fusion ReactorFusionnot finished by 15:00
    146. Wind
    147. Converter
    148. Wind ×3
    149. Converter
    150. Con turret
    151. Wind ×2
    152. Con turret
    153. Wind ×2
    154. Converter
    155. Wind
    156. Converter
    157. Wind
    158. Converter
    159. Con turret
    160. Wind ×3
    161. Metal storage
    162. Wind ×2
    163. Converter
    164. Wind
    165. Converter
    166. Wind ×2
    167. Converter ×4
    168. Wind
    169. Converter ×3
    170. Wind ×4
    171. Converter
    172. Wind ×3
    173. Converter

Counts are medians over the build's games: half of them build more, half fewer. The example game is isbedabrick's (34 OS, 02/08/2026); pick another.

Team trades

IN AT LEAST 30% OF ITS GAMES

You hand over

  • Construction Bot1 Con bot to Airfirst at 2:23 · in 84% of games
  • Advanced Construction Bot5 T2 con bot to Air or Geo sea or Pondfirst at 4:50 · in 99% of games
  • Butler2 Butler to Geo sea or Beach sea or Pondfirst at 9:06 · in 42% of games

You get

  • Hercules1 Light transport from Airfirst at 4:01 · in 86% of games

How it plays out

Typical game of this build, running totals by minute

Metal produced

020k40k
0:005:0010:0015:00

metal

Enemy metal destroyed

050100150
0:005:0010:0015:00

metal

Own metal lost

050100150
0:005:0010:0015:00

metal

1912 games.

Show as table
ByMetal produced: This buildEnemy metal destroyed: This buildOwn metal lost: This build
1:0038300
2:0091500
3:00165200
4:00314400
5:00484800
6:00579900
7:00722700
8:00906500
9:001118000
10:001352000
11:001624200
12:001965200
13:002343000
14:0027286074
15:0031503108130
WHAT THE NUMBERS SAY

Standard Tech play barely fights at all early, instead pouring metal into T2 infrastructure and constructors for the team.

  • + Metal produced hits 31679 by 15:00, by far the highest of any role here.
  • + T2 factory reached in 97% of games by 4:15, fastest and most reliable T2 timing.
  • − Enemy metal destroyed stays at 0 through 10:00, no early offense at all.
  • − Own metal lost also near 0, showing total avoidance of combat risk.
THE EXAMPLE YOU ARE READING

isbedabrick

33.5 OS · 02/08/2026

Open source match ↗

2 received units
2991 metal received · 91038 energy received

Allied construction assistance is unknown. Timings are observations, not a promise of solo reproducibility.

Typical milestones

Bot Lab1:18Middle 50%: 1:13–1:32 · n=1912
Advanced Bot Lab4:16Middle 50%: 4:04–4:30 · n=1905
Advanced Metal Extractor5:29Middle 50%: 5:05–5:59 · n=1908

Played most by

Amrissa97games of this buildTheGeneraI70games of this buildAdeus57games of this buildEl_Turco55games of this buildKOT_44games of this build